 Dungeon Crawl Stone Soup version 0.22-a0-93-g6b88ebb (webtiles) character file.

14 4thArraOfDagon the Covered (level 2, 0/24 HPs)
             Began as a Demigod Wanderer on Jan 24, 2018.
             Slain by an adder (4 damage)
             ... on level 3 of the Dungeon.
             The game lasted 00:01:51 (368 turns).

4thArraOfDagon the Covered (Demigod Wanderer)        Turns: 368, Time: 00:01:52

Health: 0/24       AC:  8    Str: 20    XL:     2   Next: 18%
Magic:  5/5        EV:  9    Int: 16    God:
Gold:   62         SH:  0    Dex: 15    Spells: 3/3 levels left

rFire    . . .     SeeInvis .   d - +0 club
rCold    . . .     Gourm    .   (no shield)
rNeg     . . .     Faith    .   a - +2 scale mail
rPois    .         Spirit   .   (no helmet)
rElec    .         Reflect  .   (no cloak)
rCorr    .         Harm     .   (no gloves)
MR       .....                  (no boots)
Stlth    ..........             (no amulet)
HPRegen  0.08/turn              (no ring)
MPRegen  0.09/turn              (no ring)

@: mighty, lethally poisoned (0 -> -6)
A: high mp 1
a: no special abilities


You were on level 3 of the Dungeon.
You were not hungry.

You visited 1 branch of the dungeon, and saw 6 of its levels.

You collected 62 gold pieces.

Inventory:

Hand Weapons
 d - a +0 club (weapon)
Armour
 a - a +2 scale mail (worn)
Scrolls
 h - a scroll of remove curse {unknown}
 i - a scroll of fog {unknown}
 j - a scroll of amnesia {unknown}
 l - a scroll of magic mapping {unknown}
 m - a scroll of enchant armour {unknown}
Potions
 g - a potion of cancellation {unknown}
 k - a potion of lignification {unknown}
Books
 b - the Almanac of Confrontation

   Spells                             Type                      Level
   a - Magic Dart                     Conjuration                  1
   b - Mephitic Cloud                 Conjuration/Poison/Air       3
 c - the Papyrus of Summoning

   Spells                             Type                      Level
   a - Summon Small Mammal            Summoning                    1
   b - Summon Guardian Golem          Hexes/Summoning              3
Comestibles
 f - 5 rations


   Skills:
 + Level 2.2 Fighting
   Level 1.0 Bows
 - Level 2.6 Armour
   Level 1.0 Shields
 - Level 1.0 Spellcasting
   Level 1.0 Necromancy
   Level 1.0 Fire Magic
   Level 1.0 Evocations


You had 3 spell levels left.
You didn't know any spells.

Dungeon Overview and Level Annotations

Branches:
Dungeon (6/15)
 Temple: D:4-7


Innate Abilities, Weirdness & Mutations

You have an increased reservoir of magic. (+10% MP)


Message History

The adder is moderately wounded.
The adder barely misses you.
You hit the adder but do no damage.
The adder is moderately wounded.
You feel sick. The adder bites you.
* * * LOW HITPOINT WARNING * * *
The adder misses you.
Unknown command.
You hit the adder.
The adder is severely wounded.
The adder bites you but does no damage. The adder bites you.
* * * LOW HITPOINT WARNING * * *
You are more poisoned.
The adder poisons you!
Unknown command.
It was a potion of might.
You feel very mighty all of a sudden.
* * * LOW HITPOINT WARNING * * *
You feel sick. The adder bites you.
You die...

#. #.### #.
#...# #. ##..#.#
#.##..## ..
#.#..## .#
#...## .#
###.†## #
.##########..##
..?....@..##..#
.#####.S.....#.#
#.##.##.....# #.
#.##.#.#.#
..(........#.#.#
####.##<##.#.# #
... #.##.#.#
#.##. ....b... #
##....


You could see an adder.

Vanquished Creatures
  A leopard gecko (D:3)
  An orc (D:4)
  A giant cockroach (D:3)
  A goblin (D:1)
  2 ball pythons
  3 bats
  A frilled lizard (D:1)
  3 kobolds
  A rat (D:3)
14 creatures vanquished.

Notes
Turn   | Place    | Note
-------+----------+-------------------------------------------
     0 | D:1      | 4thArraOfDagon the Demigod Wanderer began the quest for the Orb.
     0 | D:1      | 4thArraOfDagon set off with: a +2 scale mail, the Almanac of Confrontation, the Papyrus of Summoning, a +0 club, a ration
     0 | D:1      | Reached XP level 1. HP: 16/16 MP: 4/4
     0 | D:1      | Identified the Almanac of Confrontation
     0 | D:1      | Identified the Papyrus of Summoning
    85 | D:2      | Found a radiant altar of Vehumet.
   168 | D:3      | You fall through a shaft for 2 floors!
   168 | D:5      | Entered Level 5 of the Dungeon
   194 | D:5      | Noticed an ogre
   244 | D:4      | Noticed an ogre
   312 | D:3      | Reached XP level 2. HP: 24/24 MP: 5/5
   368 | D:3      | Slain by an adder

Vault maps used:
D:1:      ncdulo_smallfort
D:2:      minmay_wonky_spiral, vehumet_crystals, first_ration, lemuel_tele_altar
D:3:      kennysheep_small_spiral, kennysheep_cross_bottleneck,
          minmay_misc_feat_doors, tgw_xom, uniq_robin
D:4:      lemuel_crystal_altar, uniq_grinder
D:5:      grunt_dithmenos_shadows, minmay_temple_entry_fiery
D:6:      gammafunk_temple_overflow_arena, cheibriados_altar_1, uniq_menkaure

Skill      XL: |  1 |
---------------+----+-----
Fighting       | 2 |  2.2
Bows           | |  1.0
Armour         | |  2.6
Shields        | |  1.0
Spellcasting   | |  1.0
Necromancy     | |  1.0
Fire Magic     | |  1.0
Evocations     | |  1.0

Action                   || total
-------------------------++-------
Melee: Club              ||    75
  Use: Potion            ||     1
Armor: Scale mail        ||    68
Dodge: Dodged            ||    59

Table legend:
 A = Spawn XP
 B = Non-spawn XP
 C = Spawn XP percentage of total XP
 D = Spawn monster count
 E = Non-spawn monster count
 F = Spawn count percentage of total count
 G = Total turns spent on level
                    A         B        C        D         E        F      G
               +---------+---------+-------+---------+---------+-------+---------
         Total |       0 |      21 |   0.0 |       0 |      14 |   0.0 |   368
               +---------+---------+-------+---------+---------+-------+---------
           D:1 |       0 |       7 |   0.0 |       0 |       6 |   0.0 |    85
           D:3 |       0 |      11 |   0.0 |       0 |       7 |   0.0 |    86
           D:4 |       0 |       3 |   0.0 |       0 |       1 |   0.0 |    54
               +---------+---------+-------+---------+---------+-------+---------
